 Dungeon Crawl Stone Soup version 0.27-a0-887-gcab673c (webtiles) character file.

Game seed: 8340277832713629200

536 ChiliFlavouring the Skirmisher (level 7, -8/58 HPs)
             Began as a Palentonga Fighter on Apr 4, 2021.
             Mangled by Menkaure (18 damage)
             ... on level 5 of the Dungeon.
             The game lasted 00:14:43 (4799 turns).

ChiliFlavouring the Skirmisher (Palentonga Fighter) Turns: 4799, Time: 00:14:43

Health: -8/58      AC: 15    Str: 19    XL:     7   Next: 4%
Magic:  7/7        EV:  5    Int:  8    God:
Gold:   293        SH:  9    Dex: 12    Spells: 3/6 levels left

rFire    . . .     SeeInvis +   a - +0 long sword
rCold    . . .     Faith    .   c - +0 kite shield
rNeg     . . .     Spirit   .   b - +0 scale mail
rPois    .         Reflect  .   (no helmet)
rElec    .         Harm     .   j - +0 cloak
rCorr    .         Rampage  .   (no gloves)
Will     .....                  (no barding)
Stlth    ..........             (no amulet)
HPRegen  0.19/turn              (no ring)
MPRegen  0.10/turn              (no ring)

@: mighty, curled up
A: large, rugged brown scales 3, see invisible, deformed body, roll 1, armoured
tail, reflexive curl
a: Rolling Charge


You were on level 5 of the Dungeon.
You visited 1 branch of the dungeon, and saw 5 of its levels.

You collected 293 gold pieces.

Inventory:

Hand Weapons
 a - a +0 long sword (weapon)
 f - a +1 short sword of draining
 k - a +4 dagger
Armour
 b - a +0 scale mail (worn)
 c - a +0 kite shield (worn)
 j - a +0 cloak (worn)
Jewellery
 m - a ring of wizardry
 t - an amulet of magic regeneration
Scrolls
 h - 2 scrolls of amnesia {unknown}
 i - 4 scrolls of identify
 l - a scroll of magic mapping {unknown}
 n - 2 scrolls of noise {unknown}
 o - 2 scrolls of teleportation {unknown}
 q - a scroll of blinking {unknown}
 s - a scroll of holy word {unknown}
 v - a scroll of summoning {unknown}
Potions
 d - 2 potions of might
 e - a potion of flight
 g - a potion of attraction
 p - a potion of haste {unknown}
 r - 2 potions of heal wounds {unknown}
 u - a potion of ambrosia {unknown}
 w - a potion of degeneration {unknown}


   Skills:
 + Level 4.7 Fighting
 + Level 4.1 Long Blades
 - Level 3.7 Armour
 + Level 3.9 Shields
 + Level 0.8 Hexes


You had 3 spell levels left.
You knew the following spells:

 Your Spells              Type           Power      Damage    Failure   Level
a - Tukima's Dance        Hex            1%         N/A       100%        3

Your spell library contained the following spells:

 Spells                   Type           Power      Damage    Failure   Level
 Corona                   Hex            1%         N/A       95%         1
 Ensorcelled Hibernation  Hex/Ice        0%         N/A       99%         2
 Confusing Touch          Hex            1%         N/A       100%        3
 Dazzling Flash           Conj/Hex       0%         N/A       100%        3


Dungeon Overview and Level Annotations

Branches:
Dungeon (5/15)
 Temple: D:4-7

Altars:

Shops:
D:4 [

Annotations:
D:5 Menkaure


Innate Abilities, Weirdness & Mutations

You are completely covered in rugged brown scales. (AC +3, +7% HP)
You have supernaturally acute eyesight. (SInv)
Armour fits poorly on your strangely shaped body.
You can roll at nearby foes to attack.
You have a long armoured tail.
You curl defensively after being hit.


Message History

The ogre hits you with a +0 giant spiked club!
Menkaure casts a spell.
Menkaure seems to speed up.
The ogre hits you with a +0 giant spiked club.
Okay, then.
Okay, then.
Casting: Tukima's Dance (extremely dangerous; 100% risk of failure)
Confirm with . or Enter, or press ? or * to list all spells.
Okay, then.
A water moccasin comes into view.
The water moccasin hisses angrily.
The water moccasin barely misses you.
Found a stone staircase leading down.
You feel very mighty all of a sudden. The water moccasin bites you.
You slice the ogre!!
The ogre is almost dead.
The water moccasin bites you.
The ogre hits you with a +0 giant spiked club!
The water moccasin bites you.
* * * LOW HITPOINT WARNING * * *
You hit the ogre. You tail-slap the ogre.
You kill the ogre!
You block the water moccasin's attack. You block Menkaure's attack.
The water moccasin barely misses you.
You have reached level 7!
You now curl defensively after being hit.
You miss the water moccasin.
Your tail-slap misses the water moccasin.
You block the water moccasin's attack.
Menkaure calls on the powers of darkness!
Your body is wracked with pain!
* * * LOW HITPOINT WARNING * * *
The quokka convulses!
The water moccasin convulses!
You block the water moccasin's attack.
You hit the water moccasin.
Your tail-slap misses the water moccasin.
The water moccasin is severely wounded.
Menkaure hits you!!
You die... .P..āŒ .### #...ā‰ˆ......# #..Pā‰ˆ Mr....

#...P #...# ....
#..# #..## ##r#
#...###..#
#..#..#########.
#.....rM@.......
#####
#.#######S#####.
....# #.# >#
###.# #.# .#
#.#####.# .#
#.##....# .#
#.##.#### .#
#.##.######## .#
# #...#........


You could see a water moccasin, Menkaure (fast) and a quokka.

Vanquished Creatures
  An ogre (D:5)
  A phantom (D:4)
  A howler monkey (D:4)
  A jelly (D:5)
  2 orc priests
  A bullfrog skeleton (D:5)
  An iguana (D:5)
  Robin (D:3)
  5 adders
  2 adder skeletons (D:4)
  3 worms
  9 dart slugs
  11 orcs
  9 ball pythons
  A bat (D:2)
  5 endoplasms
  6 giant cockroaches
  15 hobgoblins
  4 kobolds
  2 quokkas
  2 frilled lizards (D:2)
  8 goblins
  4 rats (D:2)
95 creatures vanquished.

Vanquished Creatures (others)
  2 plants (D:5)
2 creatures vanquished.

Grand Total: 97 creatures vanquished

Notes
Turn   | Place    | Note
-------+----------+-------------------------------------------
     0 | D:1      | ChiliFlavouring the Palentonga Fighter began the quest for
                  | the Orb.
     0 | D:1      | Reached XP level 1. HP: 19/19 MP: 1/1
   141 | D:1      | Found a faded altar of an unknown god.
   527 | D:2      | Reached XP level 2. HP: 25/25 MP: 2/2
   826 | D:2      | Reached XP level 3. HP: 31/31 MP: 3/3
  1176 | D:2      | You fall into a shaft and drop 2 floors!
  1238 | D:4      | Noticed a phantom
  1258 | D:4      | Killed a phantom
  1259 | D:4      | Reached XP level 4. HP: 17/39 MP: 4/4
  1259 | D:4      | Reached XP level 5. HP: 19/44 MP: 5/5
  2533 | D:2      | Learned a level 3 spell: Tukima's Dance
  3106 | D:3      | Noticed Robin
  3112 | D:3      | Killed Robin
  3535 | D:4      | Reached XP level 6. HP: 33/51 MP: 6/6
  3827 | D:4      | Found Ran Gier's Antique Armour Shoppe.
  4426 | D:5      | Entered Level 5 of the Dungeon
  4788 | D:5      | Noticed Menkaure
  4794 | D:5      | Noticed a water moccasin
  4798 | D:5      | Gained mutation: You curl defensively after being hit.
                  | [Palentonga growth]
  4798 | D:5      | Reached XP level 7. HP: 17/58 MP: 7/7
  4799 | D:5      | Mangled by Menkaure

Illustrated notes

Levels and vault maps discovered:
D:1:      eino_arrival_cavern_b, layout_rooms,
          shapermc_ecumenical_altar_notcrosses
D:2:      minmay_chambers_of_twos, layout_basic
D:3:      layout_basic, hangedman_abyss_or_decor_lesser_grid,
          grunt_decor_arrowhead, uniq_robin
D:4:      kennysheep_slugbush, layout_loops_ring, serial_shops, shop,
          minmay_fountain_box, minmay_misc_feat_chi
D:5:      layout_loops_ring, tso_oasis_becter, minmay_temple_entry_antechambers,
          serial_shops, shop, serial_bayou_pond_d, uniq_menkaure

Skill      XL: |  1  2  3  4  5  6 |
---------------+-------------------+-----
Long Blades    | 3 4 |  4.1
Armour         | 3 |  3.7
Shields        | 3 |  3.9
Fighting       | 4 |  4.7
Hexes          | |  0.8

Action                   |  1- 3 |  4- 6 |  7- 9 || total
-------------------------+-------+-------+-------++-------
Melee: Long sword        |    85 |   176 |     2 ||   263
       Tailslap          |    13 |    25 |       ||    38
 Abil: Rolling Charge    |       |     3 |       ||     3
  Use: Potion            |       |     2 |       ||     2
       Scroll            |       |     1 |       ||     1
Armor: Scale mail        |    32 |    60 |       ||    92
Dodge: Dodged            |    16 |    44 |       ||    60
Block: Kite shield       |    40 |    83 |     2 ||   125
       Rpst.: Long sword |     6 |    16 |       ||    22

Table legend: (Time is in decaauts)
 A = Elapsed time spent in this place.
 B = Non-inter-level travel time spent in this place.
 C = Inter-level travel time spent in this place.
 D = Time resting spent in this place.
 E = Time spent auto-exploring this place.
 F = Levels seen in this place.
 G = Mean time per level.
                   A        B        C        D        E       F      G
               +--------+--------+--------+--------+--------+-----+--------+
         Total |   4932 |   4671 |    261 |    651 |   3150 |   5 |  986.4 |
       Dungeon |   4932 |   4671 |    261 |    651 |   3150 |   5 |  986.4 |
               +--------+--------+--------+--------+--------+-----+--------+

Top non-repeatable levels by time:
     D:2: 1397 daAuts
     D:4: 1356 daAuts
     D:3: 1278 daAuts
     D:1: 518 daAuts
     D:5: 381 daAuts
